AoeStats
← TigerGecko

Coastal Forest

503703251Analyzed
4v4 RM · 1mo ago on Sep 1, 2026· 33m 12s· 8 players
Game mode
Random Map
Map size
Large (8 player)
Population
200
Speed
Normal
Resources
Standard
Victory
Conquest
Starting age
Dark Age
Ending age
Imperial Age
RankedLock teamsTeams togetherTeam positionsShared explorationLock speedFull tech treeHidden civsTurbo modeCheats
Victory
Defeat
🇨🇭 Japanese · Switzerland
1542
+11
🇩🇪 Khmer · Germany
1481
+13
🇩🇪 Poles · Germany
1430
+15
🇩🇪 Huns · Germany
1394
+17
🇦🇷 Italians · Argentina
1542
-20
🇨🇴 Turks · Colombia
1381
-12
🇲🇽 Bohemians · Mexico
1380
-12
🇩🇴 Franks · Dominican Republic
1371
-12
TigerGecko
11:21 Feudal Age
9:36 Loom
15:37 Castle Age
13:54 Horse Collar
14:31 Double-Bit Axe
16:34 Heavy Plow
16:58 Bow Saw
17:20 Gold Mining
18:45 Stone Mining
19:58 Wheelbarrow
19:08 Town Watch
21:24 Stone Shaft Mining
23:31 Hand Cart
23:50 Scale Barding Armor
25:34 Forging
25:46 Chain Barding Armor
28:42 Imperial Age
26:29 Szlachta Privileges
27:02 Iron Casting
27:37 Bloodlines
27:27 Husbandry
29:00 Cavalier
30:41 Blast Furnace
29:33 Fletching
30:30 Conscription
32:44 Crop Rotation
33:31 Fervor
33:38 Town Patrol
Doris
11:00 Feudal Age
10:59 Loom
11:37 Double-Bit Axe
13:15 Horse Collar
15:16 Wheelbarrow
15:42 Scale Barding Armor
18:57 Forging
22:27 Castle Age
25:05 Gold Mining
26:29 Bloodlines
26:41 Chain Barding Armor
26:25 Husbandry
28:14 Iron Casting
30:10 Bow Saw
Cronik
4:33 Loom
10:30 Feudal Age
18:25 Double-Bit Axe
20:19 Forging
23:08 Fletching
25:48 Castle Age
24:26 Scale Barding Armor
24:15 Horse Collar
24:46 Gold Mining
26:04 Bloodlines
27:24 Husbandry
32:55 Bow Saw
squirrel
6:51 Loom
10:58 Feudal Age
11:30 Double-Bit Axe
11:26 Horse Collar
12:32 Fletching
16:38 Town Watch
22:54 Castle Age
21:21 Padded Archer Armor
24:03 Bow Saw
24:11 Bodkin Arrow
26:43 Wheelbarrow
27:47 Thumb Ring
28:00 Leather Archer Armor
29:30 Bloodlines
30:12 Husbandry
33:03 Heavy Plow
Nicolukas
7:34 Loom
10:21 Feudal Age
10:54 Double-Bit Axe
12:32 Scale Barding Armor
21:34 Forging
28:13 Castle Age
26:20 Stone Mining
Seritzia
11:23 Feudal Age
15:52 Castle Age
14:11 Double-Bit Axe
15:30 Loom
17:01 Forging
17:44 Bloodlines
21:44 Scale Barding Armor
28:23 Imperial Age
26:54 Horse Collar
29:43 Gold Mining
33:41 Iron Casting
[TOX2] A-c-Syno-666
5:24 Loom
10:04 Feudal Age
10:43 Double-Bit Axe
14:59 Fletching
16:35 Padded Archer Armor
20:13 Horse Collar
25:37 Castle Age
24:28 Gold Mining
26:39 Bow Saw
26:37 Heavy Plow
26:02 Crossbowman
28:06 Wheelbarrow
28:56 Stone Mining
29:41 Thumb Ring
29:52 Bodkin Arrow
31:08 Leather Archer Armor
32:25 Ballistics
32:44 Hand Cart
King Spartacus
11:24 Feudal Age
12:23 Double-Bit Axe
14:27 Fletching
17:30 Castle Age
15:55 Padded Archer Armor
16:57 Padded Archer Armor
18:09 Padded Archer Armor
18:29 Bodkin Arrow
18:48 Medium Warships
18:56 Bow Saw
20:32 Loom
21:25 Wheelbarrow
24:33 Fishing Lines
24:56 Town Watch
26:55 Demolition Ship
28:37 Hand Cart
29:30 Leather Archer Armor
33:05 Imperial Age
30:34 Horse Collar
31:54 Forging
34:10 Iron Casting
33:36 Scale Mail Armor
Connection lost

Rejoining the realm…

Still unreachable

The connection could not be restored.

Session expired

The server has moved on; the page needs a fresh start.